 Dungeon Crawl Stone Soup version 0.26.1-11-gd32895ea62 (webtiles) character file.

Game seed: 15046065343152692468

133 dtburroughs the Skirmisher (level 4, -6/41 HPs)
             Began as a Minotaur Berserker on July 19, 2021.
             Was a Believer of Trog.
             Killed from afar by Ijyb (11 damage)
             ... with a puff of flame
             ... on level 3 of the Dungeon.
             The game lasted 00:02:54 (2624 turns).

dtburroughs the Skirmisher (Minotaur Berserker)     Turns: 2624, Time: 00:02:55

Health: -6/41      AC:  2    Str: 22    XL:     4   Next: 93%
Magic:  3/3        EV: 13    Int:  5    God:    Trog [**....]
Gold:   71         SH:  0    Dex:  9    Spells: 3/3 levels left

rFire    . . .     SeeInvis .   a - +0 hand axe
rCold    . . .     Faith    .   (no shield)
rNeg     . . .     Spirit   .   b - +0 animal skin
rPois    .         Reflect  .   (helmet restricted)
rElec    .         Harm     .   (no cloak)
rCorr    .         Rampage  .   (no gloves)
Will     .....                  (no boots)
Stlth    +.........             (no amulet)
HPRegen  0.13/turn              (no ring)
MPRegen  0.08/turn              (no ring)

@: no status effects
A: retaliatory headbutt, horns 2
a: Renounce Religion, Berserk, Trog's Hand


You were on level 3 of the Dungeon.
You worshipped Trog.
Trog was pleased with you.
You visited 1 branch of the dungeon, and saw 3 of its levels.

You collected 71 gold pieces.

Inventory:

Hand Weapons
 a - a +0 hand axe (weapon)
Armour
 b - a +0 animal skin (worn)
Jewellery
 e - an uncursed ring of protection from cold {unknown}
 g - an uncursed amulet of faith {unknown}
 j - an uncursed ring of resist corrosion {unknown}
Wands
 q - a wand of iceblast (6)
Scrolls
 i - 2 scrolls of enchant armour {unknown}
 l - a scroll of identify {unknown}
 n - a scroll of amnesia {unknown}
 s - 2 scrolls of remove curse {unknown}
 t - a scroll of teleportation {unknown}
Potions
 c - a potion of invisibility {unknown}
 d - 3 potions of cancellation {unknown}
 f - a potion of mutation {unknown}
 h - a potion of flight {unknown}
 k - a potion of brilliance {unknown}
 m - 2 potions of curing {unknown}
 o - a potion of magic {unknown}
 p - a potion of berserk rage {unknown}
 r - a potion of lignification {unknown}


   Skills:
 + Level 4.6 Fighting
 + Level 4.6 Axes
 + Level 3.7 Armour
 + Level 3.4 Dodging


You had 3 spell levels left.
You didn't know any spells.
Your spell library was empty.

Dungeon Overview and Level Annotations

Branches:
Dungeon (3/15)

Altars:
Hepliaklqana
Nemelex Xobeh
Uskayaw

Annotations:
D:3 Grinder, Ijyb


Innate Abilities, Weirdness & Mutations

You reflexively headbutt those who attack you in melee.
You have a pair of horns on your head.


Message History

a +0 leather armour; a +0 club You now have 71 gold pieces (gained 12).
Grinder comes into view.
Grinder gestures at you. Pain shoots through your body!
Ijyb the Twisted Goblin comes into view.
She is wielding a +0 club, wearing a +1 scale mail of cold resistance and carrying a wand of flame (13).
Ijyb shouts!
Ijyb zaps a wand.
The puff of flame hits you!
Grinder blinks!
Ijyb zaps a wand.
The puff of flame hits you. Grinder gestures at you.
Pain shoots through your body! Grinder gestures at you.
You suddenly lose the ability to move!
Grinder blinks!
You can move again.
Ijyb zaps a wand.
The puff of flame hits you!
* * * LOW HITPOINT WARNING * * *
Ijyb zaps a wand.
The puff of flame hits you!
You die...

#.....#............
#.....#...........#
#.....#...............
#.......#########.#.#.
#.....#'######........
#...........##........
#...........##......$.
#...........##........
#..<[@......##........
###.........##.....g..
#.........##........
##........##........
#######......>.##........
#..............##........
#.#.#..........##........
#..............g.........
#.#.#..................#.


You could see Ijyb.

Vanquished Creatures
  An orc priest (D:3)
  An orc wizard (D:2)
  A gnoll (D:3)
  An adder (D:3)
  An ooze (D:3)
  A worm (D:2)
  A dart slug (D:1)
  A leopard gecko (D:1)
  7 orcs
  3 bats (D:2)
  A giant cockroach (D:1)
  4 hobgoblins
  2 jackals (D:3)
  A quokka (D:3)
  7 frilled lizards
  7 goblins
  A jackal skeleton (D:2)
  3 kobolds
  3 rats
47 creatures vanquished.

Vanquished Creatures (others)
  A plant (D:1)
1 creature vanquished.

Grand Total: 48 creatures vanquished

Notes
Turn   | Place    | Note
-------+----------+-------------------------------------------
     0 | D:1      | dtburroughs the Minotaur Berserker began the quest for the
                  | Orb.
     0 | D:1      | Reached XP level 1. HP: 19/19 MP: 0/0
   289 | D:1      | Reached XP level 2. HP: 27/27 MP: 1/1
  1020 | D:2      | Found a hide-covered altar of Uskayaw.
  1393 | D:2      | Reached XP level 3. HP: 31/33 MP: 2/2
  1459 | D:2      | Found a hazy altar of Hepliaklqana.
  1565 | D:2      | Found a sparkling altar of Nemelex Xobeh.
  1710 | D:3      | Reached ** piety under Trog
  1939 | D:3      | Reached XP level 4. HP: 22/41 MP: 3/3
  2606 | D:3      | Noticed Grinder
  2607 | D:3      | Noticed Ijyb
  2617 | D:3      | Paralysed by Grinder for 4 turns
  2624 | D:3      | Killed from afar by Ijyb

Illustrated notes

Levels and vault maps discovered:
D:1:      shiori_arrival_maze, layout_loops_ring, minmay_misc_feat_more_columns,
          minmay_misc_feat_iff, serial_bayou_pond_c
D:2:      layout_basic, lemuel_coloured_pillars_altar, nemelex_altar_shiori,
          eat_drink_and_be_merry_uskayaw, grunt_ministairs_13
D:3:      layout_basic, lemuel_round_altar, overflow_temple_1_default,
          serial_glass, glass_columns_a, glass_columns_b, glass_columns_c,
          glass_columns_a, glass_columns_b, glass_columns_a, uniq_ijyb,
          uniq_robin, uniq_crazy_yiuf_cottage, uniq_grinder

Skill      XL: |  1  2  3 |
---------------+----------+-----
Fighting       | 4 |  4.6
Axes           | 4 |  4.6
Armour         | 3 |  3.7
Dodging        | 3 |  3.4

Action                   |  1- 3 |  4- 6 || total
-------------------------+-------+-------++-------
Melee: Hand axe          |    67 |    26 ||    93
       Headbutt          |    15 |     7 ||    22
Invok: Trog's Hand       |     1 |     2 ||     3
Armor: Animal skin       |    15 |     3 ||    18
Dodge: Dodged            |    40 |    32 ||    72
